 Dungeon Crawl Stone Soup version 0.31-a0-977-gc230f8ef24 (webtiles) character file.

Game seed: 3760913082984421370

4571 strifetoe the Mimic (level 10, -17/68 HPs)
             Began as a Djinni Shapeshifter on Oct 29, 2023.
             Was a Believer of Okawaru.
             Demolished by a soul eater (20 damage)
             ... summoned by a kobold demonologist
             ... on level 8 of the Dungeon.
             The game lasted 00:18:03 (8515 turns).

strifetoe the Mimic (Djinni Shapeshifter)           Turns: 8515, Time: 00:18:05

Health: -17/68     AC:  6    Str: 21    XL:     10   Next: 68%
Gold:   367        EV: 12    Int: 16    God:    Okawaru [**....] SH:  0 Dex: 17

rFire   + +          .
                       - Unarmed
rCold   x . .        (no shield)
rNeg    . . .        u - +4 robe of Augmentation {Str+4 Int+4 Dex+4}
rPois   ∞            (helmet currently unavailable)
rElec   .            n - melded +0 cloak
rCorr   .            (gloves currently unavailable)
SInv    .            (boots unavailable)
Will    ++...        e - amulet of regeneration
Stlth   ++           b - ring of willpower
HPRegen 1.11/turn    (no ring)
MPRegen 0.00/turn

%: infuse magic (-18 HP)
@: beast-form, flying, studying Fighting
A: beast (slay +4), flying, sickness immunity, fire resistance 2, cold
vulnerability 1, float, innate caster, HP casting, extra vitality 1, frail 1
a: Begin Untransformation, Renounce Religion, Heroism


You were on level 8 of the Dungeon.
You worshipped Okawaru.
Okawaru was pleased with you.
You were a hulking beast.
You visited 2 branches of the dungeon, and saw 10 of its levels.
You also visited: Sewer and Ossuary.

You collected 367 gold pieces.

Inventory:

Missiles
 x - a throwing net
Armour
 k - a +1 plate armour
 n - a +0 cloak (melded)
 o - a +0 pair of gloves
 q - a +0 kite shield
 u - the +4 robe of Augmentation (worn) {Str+4 Int+4 Dex+4}
   (You found it on level 3 of the Dungeon)

   Str+4:     It affects your strength (+4).
   Int+4:     It affects your intelligence (+4).
   Dex+4:     It affects your dexterity (+4).
 F - a +1 chain mail of cold resistance
Jewellery
 b - a ring of willpower (left hand)
 e - an amulet of regeneration (around neck)
 p - a ring of wizardry
Talismans
 c - a beast talisman (active)
 d - a flux talisman
 g - a blade talisman
Scrolls
 a - a scroll of enchant armour
 f - a scroll of vulnerability
 j - a scroll of poison
 r - a scroll of torment
 v - a scroll of identify
 A - a scroll of fog
 B - 3 scrolls of teleportation
Potions
 h - 2 potions of ambrosia
 i - 3 potions of cancellation
 l - 5 potions of mutation
 m - a potion of resistance
 s - 2 potions of might
 w - 2 potions of curing
 z - 2 potions of haste
 D - 5 potions of attraction
 E - 4 potions of enlightenment


   Skills:
 - Level 8.1 Fighting
 - Level 2.1 Dodging
 - Level 1.3 Stealth
 - Level 7.0 Unarmed Combat
 - Level 2.1 Spellcasting
 - Level 2.1 Conjurations
 - Level 2.1 Hexes
 - Level 2.1 Summonings
 - Level 2.1 Necromancy
 - Level 2.1 Translocations
 - Level 2.1 Transmutations
 - Level 2.1 Fire Magic
 - Level 2.1 Ice Magic
 - Level 2.1 Air Magic
 - Level 2.1 Earth Magic
 - Level 2.1 Poison Magic
 - Level 3.4 Evocations
 * Level 9.8 Shapeshifting


You knew the following spells:

 Your Spells              Type           Power      Damage    Failure   Level
a - Foxfire               Conj/Fire      32%        2x1d5     9%          1
b - Searing Ray           Conj           16%        2d5       13%         2
c - Swiftness             Air            8%         N/A       26%         3
d - Cause Fear            Hex            4%         N/A       63%         4
Your spell library was empty.

Dungeon Overview and Level Annotations

Branches:
Dungeon (9/15)             Temple (1/1) D:5           Sewer (visited)
Ossuary (visited)
   Lair: D:8-11         Orc: D:9-12

Altars:
Ashenzari
Cheibriados
Elyvilon
Fedhas
Hepliaklqana
Makhleb
Nemelex Xobeh
Okawaru
Ru
Trog
Uskayaw
Wu Jian
Xom
Yredelemnul
Zin
The Shining One

Shops:
D:1 :   D:2 (   D:3 (   D:4 =[*(

Portals:
Abyss: D:7

Annotations:
D:1 1 runed translucent door
D:7 2 transporters, gdog's ghost, weakling GnDe
D:8 3 runed translucent doors, Rudyous's ghost, novice OpFE


Innate Abilities, Weirdness & Mutations

You are a hulking beast.
Your limbs bulge with bestial killing power. (Slay +4)
You are flying.
You are immune to sickness and miasma.
You are immune to poison.
Your flesh is very heat resistant. (rF++)
You are vulnerable to cold. (rC-)
You float through the air rather than walking.
You learn spells naturally, not from books.
Your magical power is your life essence.
You have superior vitality. (+4 MHP)
You are frail. (-10% HP)


Message History

The shadow imp hits you. The iron imp hits you.
You hit the kobold demonologist.
The kobold demonologist is heavily wounded.
The kobold demonologist gestures wildly while chanting.
The shadow imp barely misses you.
Unknown command.
You barely miss the kobold demonologist.
The kobold demonologist is heavily wounded.
The iron imp closely misses you.
The kobold demonologist hits you with a +0 dagger.
The shadow imp closely misses you. The sun demon hits you.
You are engulfed in flames.
You resist.
You closely miss the kobold demonologist.
The kobold demonologist is heavily wounded.
The kobold demonologist gestures wildly while chanting.
The sun demon hits you!
You are engulfed in flames.
You resist. The iron imp hits you! The shadow imp barely misses you.
Unknown command.
You completely miss the kobold demonologist.
The kobold demonologist is heavily wounded.
The kobold demonologist mumbles some strange words.
The sun demon hits you!!
* * * LOW HITPOINT WARNING * * *
You are engulfed in flames.
You resist.
* * * LOW HITPOINT WARNING * * *
You feel much better. The shadow imp hits you. The iron imp hits you.
The sun demon hits you!!
* * * LOW HITPOINT WARNING * * *
You are engulfed in flames.
You resist.
* * * LOW HITPOINT WARNING * * *
The kobold demonologist hits you with a +0 dagger.
* * * LOW HITPOINT WARNING * * *
As you read the scroll of fear, it crumbles to dust.
You assume a fearsome visage.
The kobold demonologist looks frightened!
The iron imp resists with some effort.
The shadow imp looks frightened!
The sun demon resists with some effort.
The soul eater resists with almost no effort.
The rust devil looks frightened!
The soul eater hits you!!
You die...

..)...#.##.......#.....###
.~|...#.##.#.##.##.....#
~~....#.##.#.##.##.....#
~.....#.##......#......#
......#.#####.#.#...####
......".........#..##
.########.####.....# ..#
#...[(.#..35## ≈.#
#.#......Kh.# ≈.##
#......#.#.3#
≈..########..#..45#
≈............####.#
≈.##.##...#.#####.#
≈.##)##.#.........#
..##)##.###.#######
....)##.....#....#
###..########.##.#


You could see a soul eater (summoned), a sun demon (summoned), a rust devil
(summoned, fleeing), a kobold demonologist (fleeing), an iron imp (summoned) and
a shadow imp (summoned, fleeing).

Vanquished Creatures
  Pikel (D:4)
  Psyche (D:8)
  2 unseen horror zombies (D:8)
  A hornet (D:7)
  A wyvern (D:8)
  Menkaure (Ossuary)
  2 water moccasins
  3 orc warriors
  2 ice beasts (D:6)
  A sky beast (D:7)
  A black bear (D:4)
  2 centaurs
  A phantom (D:7)
  Blork the orc (D:5)
  A kobold brigand (D:8)
  4 bullfrogs
  A gnoll sergeant (D:8)
  3 wights (D:8)
  3 howler monkeys
  A jelly (D:6)
  5 orc priests
  6 hounds
  5 iguanas
  6 orc wizards
  3 mummies (Ossuary)
  6 gnolls
  15 adders
  7 river rats (Sewer)
  A white imp (D:5)
  2 ufetubi (D:7)
  4 worms
  A dart slug (D:2)
  24 orcs
  19 ball pythons
  9 endoplasms
  4 giant cockroaches
  3 gnoll zombies (Ossuary)
  4 goblins
  4 hobgoblins
  2 jackals (D:2)
  15 kobolds
  4 quokkas
  7 bats
  8 frilled lizards
  3 gnoll skeletons (Ossuary)
  3 goblin skeletons (Ossuary)
  2 goblin zombies (Ossuary)
  3 hobgoblin skeletons (Ossuary)
  3 hobgoblin zombies (Ossuary)
  7 kobold skeletons (Ossuary)
  10 kobold zombies (Ossuary)
  5 orc skeletons (Ossuary)
  4 orc zombies (Ossuary)
  30 rats
  4 rat skeletons (Ossuary)
  3 rat zombies (Ossuary)
274 creatures vanquished.

Vanquished Creatures (others)
  An arcanist (D:7)
  10 foxfires
11 creatures vanquished.

Grand Total: 285 creatures vanquished

Notes
Turn   | Place    | Note
-------+----------+-------------------------------------------
     0 | D:1      | strifetoe the Djinni Shapeshifter began the quest for the
                  | Orb.
     0 | D:1      | Reached XP level 1. HP: 17/17 MP: 0/0
     1 | D:1      | Found a runed translucent door.
    35 | D:1      | Found Coocw's Vocational Training.
   154 | D:1      | Reached XP level 2. HP: 22/22 MP: 0/0
   262 | D:1      | Reached skill level 3 in Shapeshifting
   575 | D:1      | Found a faded altar of an unknown god.
   582 | D:1      | Reached XP level 3. HP: 6/27 MP: 0/0
   582 | D:1      | Learned a level 1 spell: Foxfire
  1007 | D:2      | Found Hacicen's Antique Weapon Boutique.
  1341 | D:2      | Reached XP level 4. HP: 28/32 MP: 0/0
  1896 | D:3      | Found the +4 robe of Augmentation {Str+4 Int+4 Dex+4}
  2065 | D:3      | Found Ozyuduuge's Antique Weapon Emporium.
  2267 | D:3      | Found a glowing drain.
  2344 | Sewer    | Entered a sewer
  2398 | Sewer    | Reached XP level 5. HP: 37/37 MP: 0/0
  2398 | Sewer    | Learned a level 2 spell: Searing Ray
  2531 | Sewer    | Reached skill level 1 in Evocations
  2813 | Sewer    | Reached skill level 1 in Spellcasting
  2813 | Sewer    | Reached skill level 1 in Conjurations
  2813 | Sewer    | Reached skill level 1 in Hexes
  2813 | Sewer    | Reached skill level 1 in Summonings
  2813 | Sewer    | Reached skill level 1 in Necromancy
  2813 | Sewer    | Reached skill level 1 in Translocations
  2813 | Sewer    | Reached skill level 1 in Transmutations
  2813 | Sewer    | Reached skill level 1 in Fire Magic
  2813 | Sewer    | Reached skill level 1 in Ice Magic
  2813 | Sewer    | Reached skill level 1 in Air Magic
  2813 | Sewer    | Reached skill level 1 in Earth Magic
  2813 | Sewer    | Reached skill level 1 in Poison Magic
  2813 | Sewer    | Reached XP level 6. HP: 37/42 MP: 0/0
  2972 | Sewer    | Reached skill level 5 in Unarmed Combat
  2982 | Sewer    | Reached XP level 7. HP: 46/47 MP: 0/0
  2982 | Sewer    | Learned a level 3 spell: Swiftness
  3593 | D:4      | Found a sand-covered staircase.
  3600 | Ossuary  | Entered an ossuary
  3855 | Ossuary  | Noticed Menkaure
  3862 | Ossuary  | Gained mutation: You have a somewhat thin skeletal
                  | structure. (Dex +2, Stealth+) [potion of mutation]
  3862 | Ossuary  | Gained mutation: You do not regenerate when monsters are
                  | visible. [potion of mutation]
  3869 | Ossuary  | Killed Menkaure
  3870 | Ossuary  | Reached skill level 1 in Stealth
  3909 | Ossuary  | Lost mutation: You have a somewhat thin skeletal structure.
                  | (Dex +2, Stealth+) [potion of mutation]
  3909 | Ossuary  | Lost mutation: You do not regenerate when monsters are
                  | visible. [potion of mutation]
  3909 | Ossuary  | Gained mutation: You are frail. (-10% HP) [potion of
                  | mutation]
  4012 | D:4      | Found Atafreg's Antique Weapon Boutique.
  4013 | D:4      | Found Taqi's Assorted Antiques.
  4013 | D:4      | Found Ytwaerch's Jewellery Boutique.
  4015 | D:4      | Found Qoffaose's Armour Boutique.
  4023 | D:4      | Identified a scroll of acquirement
  4023 | D:4      | Acquired a manual of Fighting
  4099 | D:4      | Noticed Pikel
  4115 | D:4      | Killed Pikel
  4116 | D:4      | Reached skill level 4 in Shapeshifting
  4116 | D:4      | Reached XP level 8. HP: 49/52 MP: 0/0
  4125 | D:4      | Reached skill level 5 in Shapeshifting
  4201 | D:4      | Found a snail-covered altar of Cheibriados.
  4592 | D:5      | Entered Level 5 of the Dungeon
  4612 | D:5      | Noticed Blork the orc
  4625 | D:5      | Killed Blork the orc
  4740 | D:5      | Reached XP level 9. HP: 56/56 MP: 0/0
  4740 | D:5      | Learned a level 4 spell: Cause Fear
  4844 | D:5      | Reached skill level 5 in Fighting
  5312 | D:5      | Found a staircase to the Ecumenical Temple.
  5408 | Temple   | Entered the Ecumenical Temple
  5416 | Temple   | Became a worshipper of Warmaster Okawaru
  5479 | D:6      | Reached skill level 6 in Shapeshifting
  5936 | D:6      | Reached * piety under Okawaru
  6113 | D:7      | Found a transporter.
  6117 | D:7      | Noticed an ancient zyme
  6119 | D:7      | Found a transporter.
  6149 | D:7      | Noticed gdog's ghost (weakling GnDe)
  6222 | D:7      | Found a one-way gate to the infinite horrors of the Abyss.
  6234 | D:7      | Found the +8 demon trident "Rift" {distort, reach+}
  6250 | D:7      | Found a broken altar of Ashenzari.
  6291 | D:7      | Reached skill level 7 in Shapeshifting
  6307 | D:7      | Noticed a hornet
  6522 | D:7      | Found a bloodstained altar of Trog.
  6526 | D:7      | Noticed an arcanist
  6532 | D:7      | Killed an arcanist
  6592 | D:7      | Killed a hornet
  6795 | D:7      | Reached XP level 10. HP: 43/68 MP: 0/0
  7060 | D:8      | Found a shimmering altar of Xom.
  7103 | D:8      | Noticed Psyche
  7112 | D:8      | Killed Psyche
  7113 | D:8      | Reached skill level 8 in Shapeshifting
  7252 | D:8      | Found a runed translucent gate.
  7252 | D:8      | Found a runed translucent gate.
  7252 | D:8      | Found a runed translucent gate.
  7252 | D:8      | Noticed Rudyous's ghost (novice OpFE)
  7254 | D:8      | Found a basalt altar of Yredelemnul.
  7265 | D:8      | Reached skill level 9 in Shapeshifting
  7301 | D:8      | Reached ** piety under Okawaru
  8479 | D:9      | Noticed a kobold demonologist
  8480 | D:9      | Noticed a kobold demonologist
  8481 | D:9      | Found an ornate altar of the Wu Jian Council.
  8481 | D:9      | Found a burning altar of Makhleb.
  8505 | D:9      | Noticed an orange demon
  8511 | D:8      | Noticed a sun demon
  8513 | D:8      | Noticed a soul eater
  8514 | D:8      | Noticed a rust devil
  8514 | D:8      | HP: 3/68 [sun demon[a kobold demonologist] (3)]
  8515 | D:8      | Demolished by a soul eater

Illustrated notes

Levels and vault maps discovered:
D:1:      dpeg_arrival_caged_fury, layout_basic,
          ebering_ecumenical_altar_petrified, wad_floor_pattern_2,
          nicolae_shop_vocational
D:2:      layout_basic, serial_shops, shop
D:3:      layout_loops_corners, cheibrodos_sewer_entry_sluice, serial_shops,
          shop, kennysheep_generic_room_3
D:4:      layout_rooms, cheibriados_altar_1, lemuel_crystal_altar,
          chequers_ossuary_entry_cave, minmay_shop_grid_forest, uniq_pikel
D:5:      wad_lake_hut, layout_basic, minmay_temple_entry_proselytizer,
          uniq_blork_the_orc
D:6:      layout_basic, fiery_altar_vehumet
D:7:      layout_basic, amcnicky_altar_gilded, trog_wizard,
          gammafunk_ghost_abyssal_escape
D:8:      layout_basic, nicolae_yredelemnul_ghost_church,
          general_overflow_altar, uniq_psyche
D:9:      layout_cave_pools, gammafunk_temple_overflow_statue,
          mainiacjoe_overflow_24_doors
Temple:   eino_wide_crystal_templ

Skill      XL: |  1  2  3  4  5  6  7  8  9 10 |
---------------+-------------------------------+-----
Shapeshifting  | 3 4 5 7 9 |  9.8
Unarmed Combat | 4 5 6 7 |  7.0
Evocations     | 1 2 3 |  3.4
Spellcasting   | 1 2 |  2.1
Conjurations   | 1 2 |  2.1
Hexes          | 1 2 |  2.1
Summonings     | 1 2 |  2.1
Necromancy     | 1 2 |  2.1
Translocations | 1 2 |  2.1
Transmutations | 1 2 |  2.1
Fire Magic     | 1 2 |  2.1
Ice Magic      | 1 2 |  2.1
Air Magic      | 1 2 |  2.1
Earth Magic    | 1 2 |  2.1
Poison Magic   | 1 2 |  2.1
Stealth        | 1 |  1.3
Fighting       | 3 4 7 8 |  8.1
Dodging        | |  2.1

Action                     |  1- 3 |  4- 6 |  7- 9 | 10-12 || total
---------------------------+-------+-------+-------+-------++-------
  Melee: Unarmed           |   125 |   208 |   381 |   119 ||   833
         Punch             |     3 |     6 |    16 |     7 ||    32
   Cast: Foxfire           |       |     3 |     4 |       ||     7
  Evoke: Wand              |       |     1 |     5 |       ||     6
    Use: Potion            |       |     5 |     8 |     5 ||    18
         Scroll            |       |       |    24 |     3 ||    27
   Stab: Sleeping          |     1 |       |     8 |     1 ||    10
 Armour: Animal skin       |    27 |       |       |       ||    27
         Plate armour      |    69 |    30 |       |       ||    99
         Skin              |       |   107 |    40 |       ||   147
         Robe              |       |   136 |   219 |   104 ||   459
  Dodge: Dodged            |    58 |   171 |   205 |    69 ||   503
   Form: Beast             |     2 |       |     1 |       ||     3
         Flux              |     1 |       |       |       ||     1
         Blade             |       |       |     1 |       ||     1

Table legend: (Time is in decaauts)
 A = Elapsed time spent in this place.
 B = Non-inter-level travel time spent in this place.
 C = Inter-level travel time spent in this place.
 D = Time resting spent in this place.
 E = Time spent auto-exploring this place.
 F = Levels seen in this place.
 G = Mean time per level.
                   A        B        C        D        E       F      G
               +--------+--------+--------+--------+--------+-----+--------+
         Total |   8404 |   8244 |    160 |   1023 |   4990 |  12 |  700.3 |
       Dungeon |   7317 |   7157 |    160 |    784 |   4607 |   9 |  813.0 |
        Temple |     16 |     16 |      0 |      0 |      0 |   1 |   16.0 |
         Sewer |    706 |    706 |      0 |    212 |    241 |   1 |  706.0 |
       Ossuary |    363 |    363 |      0 |     27 |    142 |   1 |  363.0 |
               +--------+--------+--------+--------+--------+-----+--------+

Top non-repeatable levels by time:
     D:8: 1322 daAuts
     D:3: 1110 daAuts
     D:1: 927 daAuts
     D:7: 914 daAuts
     D:5: 868 daAuts
     D:2: 797 daAuts
   Sewer: 706 daAuts
     D:4: 657 daAuts
     D:6: 570 daAuts
 Ossuary: 363 daAuts
     D:9: 149 daAuts
  Temple: 16 daAuts
